 Dungeon Crawl Stone Soup version 0.20.0-4-g10b340a (webtiles) character file.

115 MDvedh the Sneak (level 4, -7/36 HPs)
             Began as a Minotaur Venom Mage on May 27, 2017.
             Mangled by a gnoll
             ... wielding a +0 spear
              (9 damage)
             ... on level 2 of the Dungeon.
             The game lasted 00:02:58 (1887 turns).

MDvedh the Sneak (Minotaur Venom Mage)              Turns: 1887, Time: 00:02:59

Health: -7/36      AC:  5    Str: 14    XL:     4   Next: 68%
Magic:  5/5        EV: 11    Int: 12    God:
Gold:   89         SH:  0    Dex: 10    Spells: 4/5 levels left

rFire    + . .     SeeInvis .   o - +0 great sword
rCold    . . .     Gourm    .   (shield currently unavailable)
rNeg     . . .     Faith    .   j - +0 ring mail
rPois    .         Spirit   .   (helmet restricted)
rElec    .         Reflect  .   (no cloak)
rCorr    .         Harm     .   (no gloves)
MR       .....                  (no boots)
Stlth    +.........             (no amulet)
Regen    0.2/turn               (no ring)
MPRegen  0.1/turn               k - ring of protection from fire

@: no status effects
A: retaliatory headbutt, horns 2
a: no special abilities


You were on level 2 of the Dungeon.
You were not hungry.

You visited 1 branch of the dungeon, and saw 2 of its levels.

You collected 89 gold pieces.

Inventory:

Hand Weapons
 g - a +0 club
 o - a +0 great sword (weapon)
Armour
 a - a +0 robe
 j - a +0 ring mail (worn)
Jewellery
 f - an uncursed ring of fire
 k - a ring of protection from fire (right hand)
Scrolls
 d - a scroll of enchant armour {unknown}
 e - 2 scrolls of magic mapping {unknown}
 i - 2 scrolls of remove curse {unknown}
 m - a scroll of amnesia {unknown}
 n - 2 scrolls of identify {unknown}
 q - a scroll of blinking {unknown}
Potions
 l - 2 potions of lignification {unknown}
 p - a potion of curing {unknown}
 r - a potion of heal wounds {unknown}
Books
 b - a Young Poisoner's Handbook

   Spells                             Type                      Level
   a - Sting                          Conjuration/Poison           1
   b - Poisonous Vapours              Poison/Air                   2
   c - Mephitic Cloud                 Conjuration/Poison/Air       3
   d - Olgreb's Toxic Radiance        Poison                       4
   e - Venom Bolt                     Conjuration/Poison           5
Comestibles
 c - a bread ration
 h - 2 meat rations
 s - 3 chunks of flesh


   Skills:
 - Level 2.1 Fighting
 + Level 1.9 Long Blades
 - Level 2.1 Armour
 - Level 2.1 Dodging
 + Level 3.1 Stealth
 - Level 1.3 Spellcasting
 - Level 0.6 Conjurations
 - Level 2.1 Poison Magic


You had 4 spell levels left.
You knew the following spells:

 Your Spells              Type           Power        Failure   Level  Hunger
a - Sting                 Conj/Pois      #...         32%         1    ##.....


Dungeon Overview and Level Annotations

Branches:
Dungeon (2/15)

Altars:


Innate Abilities, Weirdness & Mutations

You reflexively headbutt those who attack you in melee.
You have a pair of horns on your head.


Message History

You furiously retaliate!
You headbutt the gnoll.
You riposte.
You barely miss the gnoll. Your headbutt misses the gnoll.
The gnoll is almost dead.
You hit the gnoll. You headbutt the gnoll.
You kill the gnoll!
The kobold hits you.
* * * LOW HITPOINT WARNING * * *
You barely miss the kobold. The gnoll closely misses you.
The kobold barely misses you. The gnoll closely misses you.
The kobold barely misses you.
You barely miss the kobold. Your headbutt misses the kobold.
The gnoll hits you from afar with a spear.
* * * LOW HITPOINT WARNING * * *
The kobold hits you but does no damage.
You barely miss the kobold. The gnoll barely misses you.
The kobold barely misses you. You furiously retaliate!
You headbutt the kobold.
You kill the kobold!
The gnoll completely misses you. The gnoll hits you with a spear!
You die...

#.#).#.# ##.....## #.##.##.#
#..#.#.###.......## #.#..##.#
#.##.#(.(((..)....###....##.##
#.##(.#............'...........
#.#
####..#.........###....##### #.
#..###.......## #.#.## # #.#.#
#...)..## ##†#####
#........#.).## ##.#....#
..###.######@## #.###...# .# #.
#g# ##.#.#..# #.# ###.##..# ...
..#.##..# ... #.#.....# .....
#.####.## ....# #.# #.#
#.#.#####.####.#
#......<.......#


You could see a gnoll.

Vanquished Creatures
  4 gnolls (D:2)
  2 adders (D:2)
  A worm (D:2)
  2 dart slugs (D:1)
  A leopard gecko (D:1)
  A giant cockroach (D:1)
  A goblin (D:2)
  11 hobgoblins
  3 jackals (D:2)
  8 kobolds
  A ball python (D:2)
  6 bats
  2 frilled lizards (D:2)
  11 rats
54 creatures vanquished.

Notes
Turn   | Place    | Note
-------+----------+-------------------------------------------
     0 | D:1      | MDvedh the Minotaur Venom Mage began the quest for the Orb.
     0 | D:1      | Reached XP level 1. HP: 14/14 MP: 1/1
   143 | D:1      | Reached skill level 1 in Fighting
   202 | D:1      | Reached XP level 2. HP: 17/23 MP: 0/3
   247 | D:1      | Reached skill level 2 in Stealth
   352 | D:1      | Reached skill level 1 in Armour
   936 | D:2      | Reached XP level 3. HP: 28/28 MP: 4/4
  1692 | D:2      | Reached XP level 4. HP: 31/36 MP: 5/5
  1837 | D:2      | Reached skill level 1 in Long Blades
  1881 | D:2      | Reached skill level 3 in Stealth
  1887 | D:2      | Mangled by a gnoll

Skill      XL: |  1  2  3  4 |
---------------+-------------+-----
Fighting       | 1 2 |  2.1
Stealth        | 2 3 |  3.1
Armour         | 1 2 |  2.1
Long Blades    | 1 |  1.9
Dodging        | |  2.1
Spellcasting   | |  1.3
Conjurations   | |  0.6
Poison Magic   | |  2.1

Action                   |  1- 3 |  4- 6 || total
-------------------------+-------+-------++-------
Melee: Unarmed           |    22 |       ||    22
       Headbutt          |    18 |     3 ||    21
       Club              |    84 |       ||    84
       Great sword       |    16 |    23 ||    39
 Cast: Sting             |     1 |       ||     1
 Stab: Sleeping          |     3 |       ||     3
  Eat: Chunk             |     2 |     1 ||     3
Armor: Robe              |     6 |       ||     6
       Ring mail         |    49 |     9 ||    58
Dodge: Dodged            |    67 |    23 ||    90
       Rpst.: Great sword |     3 |     1 ||     4
